 Dungeon Crawl Stone Soup version 0.24.0 (webtiles) character file.

Game seed: 8416164359499197631, levelgen mode: deterministic

74 Buxparty the Covered (level 4, 0/29 HPs)
             Began as a Gargoyle Fighter on Mar 1, 2020.
             Slain by an orc
             ... wielding a +0 flail
              (2 damage)
             ... on level 3 of the Dungeon.
             The game lasted 00:03:18 (1825 turns).

Buxparty the Covered (Gargoyle Fighter)             Turns: 1825, Time: 00:03:18

Health: 0/29       AC: 10    Str: 19    XL:     4   Next: 28%
Magic:  4/4        EV:  7    Int:  9    God:
Gold:   115        SH:  0    Dex: 10    Spells: 3/3 levels left

rFire    . . .     SeeInvis .   a - +0 war axe
rCold    . . .     Gourm    .   c - +0 shield
rNeg     + . .     Faith    .   b - +0 scale mail
rPois    ∞         Spirit   .   (no helmet)
rElec    +         Reflect  .   (no cloak)
rCorr    .         Harm     .   (no gloves)
MR       .....                  (no boots)
Stlth    ..........             (no amulet)
HPRegen  0.09/turn              j - ring of attention (curse)
MPRegen  0.09/turn              (no ring)

@: confused
A: negative energy resistance 1, electricity resistance, unbreathing,
petrification resistance, rot immunity, AC +3
a: no special abilities


You were on level 3 of the Dungeon.
You were not hungry.

You visited 1 branch of the dungeon, and saw 3 of its levels.

You collected 115 gold pieces.

Inventory:

Hand Weapons
 a - a +0 war axe (weapon)
Armour
 b - a +0 scale mail (worn)
 c - a +0 shield (worn)
Jewellery
 j - a cursed ring of attention (left hand)
Scrolls
 g - 2 scrolls of identify
 h - a scroll of teleportation
 i - a scroll of remove curse {unknown}
 m - 2 scrolls of amnesia {unknown}
 o - 2 scrolls of fear {unknown}
Potions
 d - a potion of might
 e - 3 potions of curing {unknown}
 k - a potion of agility {unknown}
 l - a potion of degeneration {unknown}
 n - a potion of magic {unknown}
Comestibles
 f - 5 rations


   Skills:
 + Level 3.9 Fighting
 * Level 3.1 Axes
 + Level 3.9 Armour
 - Level 3.2 Shields


You had 3 spell levels left.
You didn't know any spells.
Your spell library was empty.

Dungeon Overview and Level Annotations

Branches:
Dungeon (3/15)

Altars:
Xom


Innate Abilities, Weirdness & Mutations

You are resistant to torment.
Your stone body is resilient. (AC +3)
You are immune to poison.
You resist negative energy. (rN+)
You are resistant to electric shocks. (rElec)
You can survive without breathing.
You are immune to petrification.
You are immune to rotting.


Message History

Something hits you.
* * * LOW HITPOINT WARNING * * *
The rat closely misses you. The orc barely misses you.
You closely miss the orc. You hit the rat. You closely miss something.
You hear some strange, mumbled words.
A puff of flame appears from out of thin air!
The puff of flame hits you but does no damage.
The rat bites you but does no damage. The orc barely misses you.
You hear some strange, mumbled words.
You are more confused.
You're too confused to move!
The rat twitches its whiskers.
The rat bites you.
* * * LOW HITPOINT WARNING * * *
You hear some strange, mumbled words.
A puff of flame appears from out of thin air!
The puff of flame hits you.
* * * LOW HITPOINT WARNING * * *
The orc hits you with a +0 flail.
You die...

#.# #.# ...
#.# #### #.#
#.. #l# #)#
###
#r###.##$...
#@........#
#o))..##..#
#..<..# ....
..(....#.##
##.
########...
####.# .. .#
#


You could see an iguana, an orc and a rat.

Vanquished Creatures
  An adder (D:2)
  An ooze (D:2)
  2 dart slugs (D:1)
  5 leopard geckos
  2 orcs (D:3)
  A giant cockroach (D:1)
  5 goblins
  5 hobgoblins
  10 kobolds
  5 bats
  4 frilled lizards (D:2)
  10 rats
51 creatures vanquished.

Notes
Turn   | Place    | Note
-------+----------+-------------------------------------------
     0 | D:1      | Buxparty the Gargoyle Fighter began the quest for the Orb.
     0 | D:1      | Reached XP level 1. HP: 14/14 MP: 1/1
    75 | D:1      | Reached XP level 2. HP: 16/19 MP: 2/2
   548 | D:1      | Reached XP level 3. HP: 23/23 MP: 3/3
   844 | D:2      | Found a shimmering altar of Xom.
   844 | D:2      | Found a shimmering altar of Xom.
   844 | D:2      | Found a shimmering altar of Xom.
   847 | D:2      | Found a shimmering altar of Xom.
  1526 | D:2      | Reached XP level 4. HP: 29/29 MP: 4/4
  1825 | D:3      | Slain by an orc

Levels and vault maps discovered:
D:1:      minmay_arrival_stone_box, layout_basic
D:2:      layout_basic, xom_redecorated, first_ration, minivault_27,
          minmay_fractal_squares_5
D:3:      layout_basic, grunt_temple_overflow_gold_and_silver, uniq_jessica
